 Dungeon Crawl Stone Soup version 0.29-a0-362-g5854e031c7 (webtiles) character file.

Game seed: 14161378981203370179

23 BobtheKiller the Gusty (level 2, -5/20 HPs)
             Began as a Demigod Air Elementalist on Apr 28, 2022.
             Slain by a worm (6 damage)
             ... on level 2 of the Dungeon on Apr 29, 2022.
             The game lasted 00:13:36 (1903 turns).

BobtheKiller the Gusty (Demigod Air Elementalist)   Turns: 1903, Time: 00:13:37

Health: -5/20      AC:  3    Str:  9    XL:     2   Next: 57%
Magic:  7/7        EV: 11    Int: 17    God:
Gold:   36         SH:  0    Dex: 14    Spells: 4/5 levels left

rFire   . . .      SeeInvis .   c - +1 dagger
rCold   . . .      Faith    .   (no shield)
rNeg    . . .      Spirit   .   d - +0 leather armour
rPois   .          Reflect  .   (no helmet)
rElec   .          Harm     .   (no cloak)
rCorr   .          Rampage  .   (no gloves)
Will    .....                   (no boots)
Stlth   ++........              (no amulet)
HPRegen 0.06/turn               (no ring)
MPRegen 0.10/turn               (no ring)

@: no status effects
A: high MP 1, forlorn, divine attributes, passive freeze
a: no special abilities


You were on level 2 of the Dungeon.
You visited 1 branch of the dungeon, and saw 2 of its levels.

You collected 36 gold pieces.

Inventory:

Hand Weapons
 c - a +1 dagger (weapon)
Armour
 a - a +0 robe
 d - a +0 leather armour (worn)
Potions
 b - a potion of magic
 e - a potion of mutation


   Skills:
 + Level 0.1 Fighting
 + Level 0.2 Armour
 + Level 2.1 Dodging
 + Level 1.7 Stealth
 + Level 2.0 Spellcasting
 + Level 1.0 Conjurations
 + Level 3.1 Air Magic


You had 4 spell levels left.
You knew the following spells:

 Your Spells              Type           Power      Damage    Failure   Level
a - Shock                 Conj/Air       32%        1d5       12%         1

Your spell library contained the following spells:

 Spells                   Type           Power      Damage    Failure   Level
 Static Discharge         Conj/Air       8%         N/A       17%         2
 Poisonous Vapours        Pois/Air       14%        N/A       22%         2
 Swiftness                Air            12%        N/A       22%         3
 Sting                    Tmut/Pois      4%         1d3       26%         1
 Airstrike                Air            6%         N/A       58%         4
 Olgreb's Toxic Radiance  Pois           1%         N/A       95%         4


Dungeon Overview and Level Annotations

Branches:
Dungeon (2/15)


Innate Abilities, Weirdness & Mutations

You have an increased reservoir of magic. (+10% MP)
You shall have no god before yourself.
Your divine heritage dramatically boosts your attributes as you level up.
A frigid envelope surrounds you and freezes all who hurt you.


Message History

You hit the frilled lizard.
You kill the frilled lizard!
You hit the worm but do no damage. The worm bites you.
You hit the worm.
The worm is lightly wounded.
You barely miss the worm.
The worm is lightly wounded.
The worm barely misses you.
You hit the worm but do no damage. The worm bites you!
You hit the worm but do no damage. You hit the worm.
The worm is lightly wounded.
The worm bites you.
* * * LOW HITPOINT WARNING * * *
You hit the worm.
The worm is lightly wounded.
It was a potion of heal wounds.
You feel much better. The worm completely misses you.
You hit the worm.
The worm is lightly wounded.
The worm bites you!
You hit the worm.
The worm is lightly wounded.
You hit the worm.
The worm is moderately wounded.
The worm bites you but does no damage.
You hit the worm.
The worm is heavily wounded.
The worm bites you!
* * * LOW HITPOINT WARNING * * *
Your rat bites the worm.
The worm bites you.
* * * LOW HITPOINT WARNING * * *
It was a potion of mutation.
You feel extremely strange.
Your thoughts seem clearer.
Your thinking seems confused.
Your skin feels very cold.
Your rat barely misses the worm.
You hit the worm but do no damage.
The worm is moderately wounded.
The worm bites you.
You die...

# .. #. #.
###.####
#.#......####
............+
#..@.##.#
#.w.....+
#.#r###.#
#.#r### ..
#.r...#####
#.....'....
#.....#####
(. #.....# .#
#.....#


You could see a worm (ally target) and 3 friendly rats.

Vanquished Creatures
  2 dart slugs (D:2)
  An endoplasm (D:1)
  2 hobgoblins (D:2)
  A kobold (D:2)
  A quokka (D:1)
  4 ball pythons
  A frilled lizard (D:2)
  2 goblins
  5 rats
19 creatures vanquished.

Vanquished Creatures (collateral kills)
  A goblin (D:2)
1 creature vanquished.

Vanquished Creatures (others)
  4 plants (D:2)
  5 withered plants (D:2)
9 creatures vanquished.

Grand Total: 29 creatures vanquished

Notes
Turn   | Place    | Note
-------+----------+-------------------------------------------
     0 | D:1      | BobtheKiller the Demigod Air Elementalist began the quest
                  | for the Orb.
     0 | D:1      | Reached XP level 1. HP: 14/14 MP: 5/5
    50 | D:1      | Upgraded the game from 0.29-a0-360-g8ed1089bbe to
                  | 0.29-a0-362-g5854e031c7
  1364 | D:2      | Reached skill level 3 in Air Magic
  1364 | D:2      | Reached XP level 2. HP: 10/20 MP: 1/7
  1582 | D:2      | Reached skill level 1 in Conjurations
  1893 | D:2      | HP: 1/20 [worm (6)]
  1901 | D:2      | HP: 1/20 [worm (5)]
  1902 | D:2      | Gained mutation: You possess an exceptional clarity of
                  | mind. [potion of mutation]
  1902 | D:2      | Lost mutation: You possess an exceptional clarity of mind.
                  | [potion of mutation]
  1902 | D:2      | Gained mutation: A frigid envelope surrounds you and
                  | freezes all who hurt you. [potion of mutation]
  1903 | D:2      | Slain by a worm

Illustrated notes

Levels and vault maps discovered:
D:1:      lightli_arrival_lavapool, layout_loops_ring
D:2:      layout_basic, shapermc_ecumenical_altar_flowoftime

Skill      XL: |  1  2 |
---------------+-------+-----
Dodging        | 2 |  2.1
Air Magic      | 3 |  3.1
Spellcasting   | 2 |  2.0
Conjurations   | 1 |  1.0
Fighting       | |  0.1
Armour         | |  0.2
Stealth        | |  1.7

Action                   || total
-------------------------++-------
Melee: Dagger            ||    70
       Unarmed           ||     6
 Cast: Shock             ||    31
  Use: Scroll            ||     3
       Potion            ||     2
Armor: Leather armour    ||     3
       Robe              ||     1
Dodge: Dodged            ||    15

Table legend: (Time is in decaauts)
 A = Elapsed time spent in this place.
 B = Non-inter-level travel time spent in this place.
 C = Inter-level travel time spent in this place.
 D = Time resting spent in this place.
 E = Time spent auto-exploring this place.
 F = Levels seen in this place.
 G = Mean time per level.
                   A        B        C        D        E       F      G
               +--------+--------+--------+--------+--------+-----+--------+
         Total |   1902 |    715 |   1187 |    473 |      0 |   2 |  951.0 |
       Dungeon |   1902 |    715 |   1187 |    473 |      0 |   2 |  951.0 |
               +--------+--------+--------+--------+--------+-----+--------+

Top non-repeatable levels by time:
     D:1: 1050 daAuts
     D:2: 851 daAuts
